 Dungeon Crawl Stone Soup version 0.20.0-8-g6b59dc7 (webtiles) character file.

7197 Gorglomux the Grappler (level 10, -2/109 HPs)
             Began as a Troll Arcane Marksman on May 31, 2017.
             Was a High Priest of Okawaru.
             Slain by a two-headed ogre
             ... wielding a +0 dire flail
              (5 damage)
             ... on level 10 of the Dungeon.
             The game lasted 00:11:33 (8093 turns).

Gorglomux the Grappler (Troll Arcane Marksman)      Turns: 8093, Time: 00:11:34

Health: -2/109     AC:  6    Str: 20    XL:     10   Next: 87%
Magic:  10/10      EV: 11    Int:  9    God:    Okawaru [*****.]
Gold:   219        SH:  0    Dex: 13    Spells: 10/11 levels left

rFire    + . .     SeeInvis .     - Unarmed
rCold    . . .     Gourm    +   (no shield)
rNeg     . . .     Faith    .   a - +0 robe
rPois    .         Spirit   .   (helmet restricted)
rElec    .         Reflect  .   F - +0 cloak
rCorr    .         Harm     .   (gloves unavailable)
MR       +....                  (boots unavailable)
Stlth    +.........             (no amulet)
Regen    0.7/turn               m - ring of protection from magic
MPRegen  0.2/turn               f - ring of protection from fire

@: no status effects
A: unfitting armour, claws 3, fast metabolism 3, gourmand, regeneration 1,
shaggy fur 1, tough skin 2
a: Heroism, Finesse, Renounce Religion


You were on level 10 of the Dungeon.
You worshipped Okawaru.
Okawaru was extremely pleased with you.
You were very full.

You visited 1 branch of the dungeon, and saw 10 of its levels.

You collected 489 gold pieces.
You spent 270 gold pieces at shops.

Inventory:

Missiles
 c - 9 large rocks (quivered)
 Z - 2 throwing nets
Armour
 a - a +0 robe (worn)
 F - a +0 cloak (worn)
 N - a +0 shield
Jewellery
 f - a ring of protection from fire (right claw)
 m - a ring of protection from magic (left claw)
Wands
 C - a wand of digging (13/24)
 D - a wand of digging (2/24)
 I - a wand of iceblast (12/15)
Scrolls
 y - 2 scrolls of fear {unknown}
 G - 4 scrolls of magic mapping
 K - a scroll of random uselessness {unknown}
 L - 6 scrolls of fog
 R - a scroll of identify
 T - a scroll of enchant weapon {unknown}
 V - 9 scrolls of teleportation
 X - a scroll of enchant armour {unknown}
 Y - 8 scrolls of remove curse
Potions
 x - a potion of flight {unknown}
 B - a potion of heal wounds {unknown}
 E - a potion of resistance
 H - a potion of mutation {unknown}
 J - a potion of brilliance
 O - 2 potions of ambrosia
 P - 2 potions of cancellation
 Q - a potion of curing
 S - a potion of might
 U - a potion of agility
Books
 b - a book of Debilitation

   Spells                             Type                      Level
   a - Corona                         Hexes                        1
   b - Slow                           Hexes                        2
   c - Inner Flame                    Hexes/Fire                   3
   d - Portal Projectile              Hexes/Translocation          3
   e - Cause Fear                     Hexes                        4
   f - Leda's Liquefaction            Hexes/Earth                  4
 w - a book of Minor Magic

   Spells                             Type                      Level
   a - Magic Dart                     Conjuration                  1
   b - Blink                          Translocation                2
   c - Call Imp                       Summoning                    2
   d - Slow                           Hexes                        2
   e - Conjure Flame                  Conjuration/Fire             3
   f - Mephitic Cloud                 Conjuration/Poison/Air       3
Comestibles
 z - 11 meat rations
 A - 10 bread rations
 M - 11 fruits
 W - 10 royal jellies


   Skills:
 + Level 9.7 Fighting
 - Level 1.7 Throwing
 + Level 3.2 Dodging
 + Level 11.5 Unarmed Combat
 - Level 1.0 Spellcasting
 - Level 2.0 Hexes


You had 10 spell levels left.
You knew the following spells:

 Your Spells              Type           Power        Failure   Level  Hunger
a - Corona                Hex            #......      16%         1    ##.....


Dungeon Overview and Level Annotations

Branches:
Dungeon (10/15)            Temple (0/1) D:6            Lair (0/6) D:8
    Orc: D:9-12

Altars:
Okawaru
Qazlal
Trog

Shops:
D:6 [=?%


Innate Abilities, Weirdness & Mutations

You are too large for most types of armour.
You have claws for hands.
Your metabolism is lightning-fast.
You like to eat raw meat.
Your natural rate of healing is unusually fast.
You are covered in fur. (AC +1)
You have very tough skin. (AC +2)


Message History

A gargoyle comes into view. It is wielding a morningstar.
There are monsters nearby!
You gain the combat prowess of a mighty hero.
The two-headed ogre hits you with a dire flail!
The two-headed ogre hits you with a giant club!!
You scratch the two-headed ogre but do no damage.
The two-headed ogre hits you with a dire flail!
The two-headed ogre hits you with a giant club!!
* * * LOW HITPOINT WARNING * * *
You claw the two-headed ogre!
The two-headed ogre is moderately wounded.
The two-headed ogre hits you with a dire flail!
* * * LOW HITPOINT WARNING * * *
The two-headed ogre hits you but does no damage.
You feel better.
You feel like a meek peon again.
The two-headed ogre hits you with a dire flail!
* * * LOW HITPOINT WARNING * * *
The two-headed ogre hits you with a giant club.
You die...

######.##########..#
...................##############
..............).)............^...
#############.)..................
#.#################.. #9# #.. #.#
#.. #######9#################..
.........O@................
...........................
################...########


You could see a two-headed ogre and a gargoyle.

Vanquished Creatures
  A two-headed ogre (D:8)
  Pikel (D:4)
  A centaur zombie (D:10)
  A hippogriff (D:9)
  4 yaks (D:6)
  A wyvern (D:8)
  2 steam dragons
  Menkaure (D:4)
  6 orc warriors
  3 phantoms
  3 slaves
  A hornet zombie (D:10)
  A sky beast (D:8)
  4 black bears
  A necrophage (D:7)
  4 ogres
  5 centaurs
  Blork the orc (D:4)
  A big kobold (D:8)
  3 bullfrogs
  2 scorpions
  A wyvern skeleton (D:9)
  8 wights
  3 howler monkeys (D:8)
  3 crimson imps
  A bullfrog skeleton (D:6)
  10 orc priests
  Crazy Yiuf (D:4)
  4 hounds
  10 orc wizards
  8 worker ants
  6 gnolls
  A howler monkey skeleton (D:7)
  8 adders
  An ooze (D:3)
  An adder skeleton (D:4)
  A worm (D:2)
  5 leopard geckos
  41 orcs
  3 ball pythons
  12 bats
  9 goblins
  7 hobgoblins
  12 jackals
  13 kobolds
  6 quokkas
  3 frilled lizards
  A quokka skeleton (D:7)
  9 rats
235 creatures vanquished.

Notes
Turn   | Place    | Note
-------+----------+-------------------------------------------
     0 | D:1      | Gorglomux the Troll Arcane Marksman began the quest for the Orb.
     0 | D:1      | Reached XP level 1. HP: 18/18 MP: 1/1
    95 | D:1      | Found an iron altar of Okawaru.
   109 | D:1      | Reached skill level 1 in Unarmed Combat
   114 | D:1      | Became a worshipper of Warmaster Okawaru
   266 | D:1      | Reached XP level 2. HP: 21/26 MP: 2/2
   367 | D:1      | Reached skill level 2 in Unarmed Combat
   795 | D:2      | Reached XP level 3. HP: 14/32 MP: 3/3
   979 | D:2      | Reached skill level 1 in Fighting
   981 | D:2      | Reached skill level 3 in Unarmed Combat
  1092 | D:2      | Reached XP level 4. HP: 42/42 MP: 4/4
  1572 | D:3      | Noticed a black bear
  1601 | D:3      | Killed a black bear
  1601 | D:3      | Reached skill level 4 in Unarmed Combat
  1601 | D:3      | Reached XP level 5. HP: 49/50 MP: 5/5
  1719 | D:3      | Found a bloodstained altar of Trog.
  1909 | D:3      | Reached skill level 3 in Fighting
  2221 | D:4      | You fall through a shaft!
  2221 | D:5      | Entered Level 5 of the Dungeon
  2221 | D:5      | Found a stormy altar of Qazlal.
  2339 | D:5      | Reached XP level 6. HP: 55/61 MP: 6/6
  2548 | D:5      | Reached * piety under Okawaru
  2729 | D:5      | Reached skill level 5 in Unarmed Combat
  2936 | D:4      | Noticed Menkaure
  2939 | D:4      | Noticed a slave
  2940 | D:4      | Noticed a slave
  2941 | D:4      | Noticed Pikel
  2941 | D:4      | Noticed a slave
  2941 | D:4      | Noticed a slave
  2945 | D:4      | Killed Menkaure
  2945 | D:4      | Reached XP level 7. HP: 61/71 MP: 4/7
  3135 | D:4      | Killed Pikel
  3135 | D:4      | Reached ** piety under Okawaru
  3135 | D:4      | Reached skill level 6 in Unarmed Combat
  3135 | D:4      | Reached XP level 8. HP: 51/81 MP: 8/8
  3188 | D:4      | Reached skill level 7 in Unarmed Combat
  3259 | D:4      | Noticed Blork the orc
  3266 | D:4      | Killed Blork the orc
  3435 | D:4      | Found a runed door.
  3640 | D:4      | Noticed Crazy Yiuf
  3641 | D:4      | Killed Crazy Yiuf
  4107 | D:6      | Reached skill level 6 in Fighting
  4177 | D:6      | Found Benatir's Armour Boutique.
  4210 | D:6      | Found Zunn's Jewellery Shop.
  4254 | D:6      | Reached *** piety under Okawaru
  4254 | D:6      | Reached skill level 8 in Unarmed Combat
  4278 | D:6      | Found a staircase to the Ecumenical Temple.
  4303 | D:6      | Reached XP level 9. HP: 43/92 MP: 9/9
  4546 | D:6      | Found Aphyut's Food Emporium.
  4587 | D:6      | Reached skill level 9 in Unarmed Combat
  4599 | D:6      | Reached **** piety under Okawaru
  4795 | D:6      | Found Cutocuh's Magic Scroll Emporium.
  4798 | D:6      | Bought a scroll of identify for 24 gold pieces
  4798 | D:6      | Bought a scroll of magic mapping for 42 gold pieces
  4798 | D:6      | Bought a scroll of teleportation for 36 gold pieces
  4798 | D:6      | Bought a scroll of fog for 24 gold pieces
  4798 | D:6      | Bought a scroll of teleportation for 36 gold pieces
  4798 | D:6      | Bought a scroll of magic mapping for 42 gold pieces
  4798 | D:6      | Bought a scroll of amnesia for 42 gold pieces
  4798 | D:6      | Bought a scroll of identify for 24 gold pieces
  5132 | D:7      | HP: 4/94 [orc warrior/scimitar (8)]
  5353 | D:7      | Reached skill level 10 in Unarmed Combat
  6095 | D:8      | Reached ***** piety under Okawaru
  6095 | D:8      | Reached XP level 10. HP: 69/106 MP: 10/10
  6360 | D:8      | Found a flagged portal.
  6391 | D:8      | Found a staircase to the Lair.
  6758 | D:8      | Noticed a two-headed ogre
  6822 | D:8      | Killed a two-headed ogre
  6822 | D:8      | Reached skill level 9 in Fighting
  6822 | D:8      | Reached skill level 11 in Unarmed Combat
  7758 | D:10     | Entered Level 10 of the Dungeon
  7829 | D:10     | Reached skill level 3 in Dodging
  8068 | D:10     | Noticed a two-headed ogre
  8070 | D:10     | Noticed a gargoyle
  8077 | D:10     | HP: 2/109 [two-headed ogre/dire flail (17)]
  8093 | D:10     | HP: 3/109 [two-headed ogre/dire flail (16)]
  8093 | D:10     | Slain by a two-headed ogre

Skill      XL: |  1  2  3  4  5  6  7  8  9 10 |
---------------+-------------------------------+-----
Unarmed Combat | 1 2 3 4 5 6 8 10 11 | 11.5
Fighting       | 1 2 3 4 5 6 8 9 |  9.7
Dodging        | 3 |  3.2
Throwing       | |  1.7
Spellcasting   | |  1.0
Hexes          | |  2.0

Action                   |  1- 3 |  4- 6 |  7- 9 | 10-12 || total
-------------------------+-------+-------+-------+-------++-------
Melee: Unarmed           |   133 |   159 |   233 |   194 ||   719
       Punch             |     1 |     4 |     9 |    10 ||    24
Throw: Large rock        |     1 |       |    12 |     1 ||    14
Invok: Heroism           |       |     1 |     3 |     3 ||     7
  Use: Potion            |       |     2 |     4 |     1 ||     7
       Scroll            |       |     1 |    10 |     1 ||    12
 Stab: Sleeping          |     2 |     1 |     1 |       ||     4
       Distracted        |       |       |     1 |       ||     1
  Eat: Chunk             |    16 |    17 |    26 |    20 ||    79
Armor: Robe              |    61 |    56 |    59 |    36 ||   212
       Skin              |       |       |     7 |       ||     7
Dodge: Dodged            |    73 |   103 |   121 |    88 ||   385
